 Dungeon Crawl Stone Soup version 0.30-a0-1160-g6e42c06551 (webtiles) character file.

Game seed: 15659522894979695249

19532 Pooter the Severer (level 12, -16/110 HPs)
             Began as a Minotaur Berserker on Apr 24, 2023.
             Was an Elder of Trog.
             Hit by a large rock thrown by a cyclops (29 damage)
             ... on level 2 of the Orcish Mines on Apr 25, 2023.
             The game lasted 01:20:24 (12627 turns).

Pooter the Severer (Minotaur Berserker)            Turns: 12627, Time: 01:20:24

Health: -16/110    AC: 18    Str: 31    XL:     12   Next: 37%
Magic:  0/11       EV: 10    Int:  8    God:    Trog [****..]
Gold:   927        SH:  0    Dex: 12    Spells: 11/11 levels left

rFire   + + .        a - +8 war axe "Demon's Doom" {flame, +Blink rElec Int+4}
rCold   + . .        (no shield)
rNeg    + + .        J - +6 chain mail "Doxo" {Harm rN+}
rPois   .            (helmet restricted)
rElec   +            R - scarf {rC+ rF+}
rCorr   .            i - +0 pair of gloves of Mumblety Peg {Rampage Str+6 Stlth-}
SInv    .            r - +1 pair of boots
Will    .....        G - amulet of guardian spirit Stlth
                     F - ring of protection from fire
HPRegen 0.38/turn    N - ring of positive energy
MPRegen 0.12/turn

%: harm (+30% outgoing, +20% incoming), guardian spirit, rampage
@: on berserk cooldown, slowed, very slow
A: horns 2, retaliatory headbutt
a: Renounce Religion, Evoke Blink, Berserk, Trog's Hand, Brothers in Arms


You were on level 2 of the Orcish Mines.
You worshipped Trog.
Trog was greatly pleased with you.
You visited 2 branches of the dungeon, and saw 12 of its levels.

You collected 1669 gold pieces.
You spent 742 gold pieces at shops.

Inventory:

Hand Weapons
 a - the +8 war axe "Demon's Doom" (weapon) {flame, +Blink rElec Int+4}
   (You bought it in a shop on level 2 of the Orcish Mines)

   Int:       It affects your intelligence (+4).
   rElec:     It insulates you from electricity.
   +Blink:    It lets you blink.
 b - a +0 arbalest of freezing
   (You took it off an orc knight on level 1 of the Orcish Mines)
 C - a +0 morningstar
   (You found it on level 6 of the Dungeon)
 D - a +0 battleaxe
   (You took it off an orc warrior on level 1 of the Orcish Mines)
Missiles
 c - 3 curare-tipped darts
 h - 16 boomerangs (quivered)
 n - 22 poisoned darts
 y - 8 javelins
 P - a throwing net {!f}
 Q - 105 stones
 T - 4 silver boomerangs
Armour
 i - the +0 pair of gloves of Mumblety Peg (worn) {Rampage Str+6 Stlth-}
   (You acquired it on level 9 of the Dungeon)

   Str:       It affects your strength (+6).
   Rampage:   It bestows one free step when moving towards enemies.
   Stlth:     It makes you less stealthy.
 p - a +4 plate armour of poison resistance
   (You took it off an orc warrior on level 2 of the Orcish Mines)
 r - a +1 pair of boots (worn)
   (You found it on level 4 of the Dungeon)
 J - the +6 chain mail "Doxo" (worn) {Harm rN+}
   (You bought it in a shop on level 6 of the Dungeon)

   rN:        It protects you from negative energy.
   Harm:      It increases damage dealt and taken.
 O - a +0 chain mail of poison resistance
   (You found it on level 9 of the Dungeon)
 R - a scarf of resistance (worn)
   (You found it on level 9 of the Dungeon)
Jewellery
 F - a ring of protection from fire (left hand)
   (You found it on level 1 of the Dungeon)
 G - an amulet of guardian spirit (around neck)
   (You found it on level 9 of the Dungeon)
 N - a ring of positive energy (right hand)
   (You found it on level 4 of the Dungeon)
Wands
 f - a wand of flame (26)
   (You found it on level 8 of the Dungeon)
 j - a wand of quicksilver (1)
   (You found it on level 5 of the Dungeon)
 w - a wand of charming (3)
   (You took it off a kobold on level 4 of the Dungeon)
 z - a wand of polymorph (9)
   (You found it on level 5 of the Dungeon)
Scrolls
 d - a scroll of immolation {!r}
 l - 2 scrolls of noise {!r}
 m - a scroll of enchant armour {unknown}
 o - a scroll of summoning
 q - 4 scrolls of fear
 t - 3 scrolls of teleportation {@r4}
 x - 2 scrolls of magic mapping
 B - a scroll of vulnerability {!r}
 E - a scroll of amnesia {unknown}
 H - a scroll of silence
 S - 3 scrolls of torment {unknown}
Potions
 e - 5 potions of curing {@q1}
 g - 2 potions of mutation {unknown}
 k - 3 potions of lignification {!q}
 s - 2 potions of flight {unknown}
 u - 2 potions of ambrosia
 v - 2 potions of resistance {unknown}
 A - 2 potions of cancellation {unknown}
 I - a potion of brilliance {unknown}
 K - a potion of berserk rage {unknown}
 L - a potion of attraction {unknown}
 M - a potion of magic {unknown}


   Skills:
 + Level 11.6 Fighting
 * Level 15.6 Axes
 * Level 12.7 Ranged Weapons
 - Level 1.1 Throwing
 + Level 2.9 Armour
 - Level 2.1 Dodging
 - Level 5.0 Stealth
 + Level 1.6 Evocations


You had 11 spell levels left.
You didn't know any spells.
Your spell library was empty.

Dungeon Overview and Level Annotations

Branches:
Dungeon (10/15)            Temple (0/1) D:7             Orc (2/2) D:9
    Elf (0/3) Orc:2
   Lair: D:8-11

Altars:
Dithmenos
Elyvilon
Fedhas
Gozag
Hepliaklqana
Kikubaaqudgha
Makhleb
Qazlal
Ru
Sif Muna
Trog
Vehumet
Wu Jian
Xom
Zin
The Shining One
Jiyva

Shops:
D:6 *   Orc:2 *([

Annotations:
D:9 3 runed translucent doors, 13Fox's ghost, novice DsHu
Orc:2 Donald


Innate Abilities, Weirdness & Mutations

You have a pair of horns on your head.
You reflexively headbutt those who attack you in melee.


Message History

The orc high priest invokes the aid of Beogh against you.
Beogh smites you!
* * * LOW MAGIC WARNING * * *
* * * LOW HITPOINT WARNING * * *
Your surroundings suddenly seem different.
An orc warrior and an orc priest come into view.
The orc warrior shouts!
The orc priest shouts!
Aim: an orc warrior, wielding a +0 mace and wearing a +0 chain mail (chance to affect: 52%)
The orc warrior is charmed.
You feel the effects of Trog's Hand fading.
The orc priest casts a cantrip, but nothing happens.
What are your orders? t - Shout!
Orders for allies: a - Attack new target. p - Attack previous target. r - Retreat! s - Stop attacking. g - Guard the area. f - Follow me.
Anything else - Cancel.
Gang up on whom?
Aim: an orc priest, wielding a +0 club and wearing a +0 leather armour Attack!
Your orc warrior closely misses the orc priest.
Your orc warrior barely misses the orc priest.
You slash the orc priest! You burn the orc priest.
You kill the orc priest!
Trog accepts your kill.
You slash the fungus!
The fungus begins to die.
You burn the fungus.
A cyclops comes into view.
The cyclops throws a large rock.
The large rock closely misses your orc warrior.
The large rock hits you!!
* * * LOW MAGIC WARNING * * *
* * * LOW HITPOINT WARNING * * *
What are your orders? t - Shout!
Orders for allies: a - Attack new target. r - Retreat! s - Stop attacking. g - Guard the area. f - Follow me.
Anything else - Cancel.
Gang up on whom?
Aim: a cyclops, quivering large rocks (ally target) Attack!
Your skin stops crawling.
You feel less strong-willed.
A nearby fungus withers and dies.
The cyclops barely misses your orc warrior.
Your orc warrior hits the cyclops with a +0 mace!
Your orc warrior hits the cyclops with a +0 mace.
Your orc warrior hits the cyclops with a +0 mace!
The cyclops throws a large rock.
The large rock hits you!!
* * * LOW MAGIC WARNING * * *
You die...

..........)............##...#....
......##..[..........####...#....
.....######.).......## ##..#####
..o.## #.....)...#.## ........
.....## #...........^# ......#..
......# ##...........## .......
......###..........### .......
.......#...P.).......## .......
......##........@.....# .......
.##........P............ ..###..
##...>.................. . #....
#.............∩....P.... ##...
.......................... #...
#........oC..8....P.......####...
...........P...............#.#...
.......#.............#...........
......####..P.......## #.........


You could see a cyclops (ally target) and a friendly orc warrior (charmed).

Vanquished Creatures
  Snorg (D:9)
  Erolcha (Orc:1)
  3 two-headed ogres
  An orc high priest (Orc:2)
  An orc knight (Orc:1)
  4 orc sorcerers
  A komodo dragon (D:7)
  3 trolls
  Prince Ribbit (D:6)
  Sigmund (D:3)
  A slime creature (D:10)
  A wraith (D:10)
  32 yaks
  2 wyverns
  A warg (Orc:1)
  3 water moccasins
  An acid dragon (D:10)
  23 orc warriors
  2 ice beasts
  13 ogres
  6 centaurs
  4 kobold brigands
  5 bullfrogs
  3 scorpions
  3 howler monkeys (D:8)
  A cerulean imp (D:6)
  7 jellies
  16 orc priests
  A hound (D:3)
  6 iguanas
  Terence (D:3)
  Natasha (thrice) (D:2)
  19 orc wizards
  3 gnolls (D:6)
  12 adders
  A shadow imp (D:8)
  A white imp (D:6)
  2 worms
  4 dart slugs
  96 orcs
  9 ball pythons
  9 endoplasms
  5 giant cockroaches
  6 goblins
  9 hobgoblins
  17 jackals
  7 quokkas
  3 bats
  4 frilled lizards
  24 kobolds
  5 rats
388 creatures vanquished.

Vanquished Creatures (collateral kills)
  Lodul (D:10)
  An orc priest (D:9)
  2 orcs (D:8)
4 creatures vanquished.

Vanquished Creatures (others)
  A water moccasin (D:7)
  An orc warrior (D:9)
  3 ogres (D:10)
  An orc priest (D:9)
  12 fungi
  2 plants (D:9)
20 creatures vanquished.

Grand Total: 412 creatures vanquished

Notes
Turn   | Place    | Note
-------+----------+-------------------------------------------
     0 | D:1      | Pooter the Minotaur Berserker began the quest for the Orb.
     0 | D:1      | Reached XP level 1. HP: 19/19 MP: 0/0
   113 | D:1      | Reached XP level 2. HP: 24/27 MP: 1/1
   116 | D:1      | Reached skill level 4 in Axes
   168 | D:1      | Reached skill level 1 in Stealth
   171 | D:1      | You fall into a shaft and drop 1 floor!
   217 | D:2      | Noticed Natasha
   226 | D:2      | Killed Natasha
   227 | D:2      | Reached XP level 3. HP: 28/33 MP: 2/2
   253 | D:2      | Noticed Natasha
   257 | D:2      | Killed Natasha
   376 | D:2      | Reached XP level 4. HP: 33/40 MP: 3/3
   556 | D:2      | Reached ** piety under Trog
   616 | D:2      | Noticed Natasha
   620 | D:2      | Killed Natasha
   621 | D:2      | Reached skill level 5 in Axes
   788 | D:1      | Reached XP level 5. HP: 44/47 MP: 4/4
  1864 | D:3      | Found a glowing golden altar of the Shining One.
  1961 | D:3      | Found a faded altar of an unknown god.
  2009 | D:3      | Noticed Terence
  2026 | D:3      | Killed Terence
  2175 | D:3      | Noticed Sigmund
  2224 | D:3      | Killed Sigmund
  2225 | D:3      | Reached skill level 5 in Fighting
  2225 | D:3      | Reached skill level 6 in Axes
  2225 | D:3      | Reached XP level 6. HP: 56/56 MP: 5/5
  2258 | D:3      | Found a glowing silver altar of Zin.
  2259 | D:3      | Found a white marble altar of Elyvilon.
  2344 | D:3      | Reached *** piety under Trog
  2361 | D:3      | Found a shimmering altar of Xom.
  2605 | D:4      | Found Bulerrei's Magic Scroll Boutique.
  2613 | D:4      | Bought a scroll of identify for 20 gold pieces
  2613 | D:4      | Bought a scroll of noise for 10 gold pieces
  2613 | D:4      | Bought a scroll of identify for 20 gold pieces
  2613 | D:4      | Bought a scroll of identify for 20 gold pieces
  2613 | D:4      | Bought a scroll of identify for 20 gold pieces
  2643 | D:4      | Reached XP level 7. HP: 61/61 MP: 6/6
  2814 | D:4      | Reached skill level 7 in Axes
  2910 | D:4      | Found an opulent altar of Gozag.
  3030 | D:4      | Found a burning altar of Makhleb.
  3300 | D:4      | Found a blossoming altar of Fedhas.
  3381 | D:5      | Entered Level 5 of the Dungeon
  3617 | D:5      | Found a shadowy altar of Dithmenos.
  3676 | D:5      | Reached skill level 1 in Throwing
  3676 | D:5      | Reached skill level 5 in Stealth
  3676 | D:5      | Reached skill level 1 in Evocations
  3676 | D:5      | Reached XP level 8. HP: 62/70 MP: 7/7
  3727 | D:4      | Bought a scroll of magic mapping for 75 gold pieces
  3774 | D:5      | Reached **** piety under Trog
  3776 | D:5      | Found an ornate altar of the Wu Jian Council.
  4049 | D:5      | Reached skill level 8 in Axes
  4049 | D:5      | Reached skill level 1 in Ranged Weapons
  4313 | D:6      | Found a sacrificial altar of Ru.
  4315 | D:6      | Noticed Grinder
  4316 | D:6      | Grinder changed into Grinder the cerulean imp
  4316 | D:6      | Noticed Grinder
  4322 | D:6      | Killed Grinder the cerulean imp
  4721 | D:6      | Found Takipp's Assorted Antiques.
  4729 | D:6      | Bought a fizzy blue potion for 24 gold pieces
  4729 | D:6      | Bought a fizzy blue potion for 24 gold pieces
  4802 | D:6      | Reached skill level 9 in Axes
  5077 | D:6      | Found a shimmering blue altar of Sif Muna.
  5327 | D:6      | Noticed Prince Ribbit
  5331 | D:6      | Killed Prince Ribbit
  5332 | D:6      | Reached XP level 9. HP: 79/79 MP: 8/8
  5365 | D:6      | Reached skill level 5 in Ranged Weapons
  5723 | D:7      | Found a staircase to the Ecumenical Temple.
  5910 | D:7      | Noticed a komodo dragon
  5916 | D:7      | Killed a komodo dragon
  5917 | D:7      | Reached skill level 10 in Axes
  5984 | D:7      | Found a hazy altar of Hepliaklqana.
  6157 | D:7      | Found a stormy altar of Qazlal.
  6311 | D:7      | Found an ancient bone altar of Kikubaaqudgha.
  6967 | D:8      | Reached skill level 11 in Axes
  7125 | D:6      | Bought a crude chain mail for 256 gold pieces
  7125 | D:6      | Identified the +6 chain mail "Doxo" {Harm rN+} (You bought
                  | it in a shop on level 6 of the Dungeon)
  7239 | D:8      | Found a radiant altar of Vehumet.
  7484 | D:8      | Found a runed translucent door.
  7831 | D:8      | Reached XP level 10. HP: 90/90 MP: 9/9
  7859 | D:8      | Upgraded the game from 0.30-a0-1157-g2cc9ac7196 to
                  | 0.30-a0-1160-g6e42c06551
  8792 | D:9      | Reached skill level 12 in Axes
  8814 | D:9      | Found a bloodstained altar of Trog.
  8896 | D:9      | Identified a scroll of acquirement
  8896 | D:9      | Acquired the +0 pair of gloves of Mumblety Peg {Rampage
                  | Str+6 Stlth-}
  9091 | D:9      | Found a staircase to the Orcish Mines.
  9221 | D:9      | Found a runed translucent gate.
  9221 | D:9      | Noticed 13Fox's ghost (novice DsHu)
  9222 | D:9      | Found a runed translucent gate.
  9222 | D:9      | Noticed a two-headed ogre
  9223 | D:9      | Found a runed translucent gate.
  9231 | D:9      | Killed a two-headed ogre
  9493 | D:10     | Entered Level 10 of the Dungeon
  9524 | D:10     | Noticed Lodul
  9536 | D:10     | Killed Lodul
  9537 | D:10     | Reached skill level 13 in Axes
  9810 | D:10     | Reached XP level 11. HP: 99/99 MP: 10/10
  9832 | D:10     | Reached skill level 10 in Ranged Weapons
  9973 | D:4      | Bought a scroll of summoning for 95 gold pieces
 10094 | D:10     | Reached skill level 10 in Fighting
 10413 | D:10     | Found a viscous altar of Jiyva.
 10492 | D:10     | Reached skill level 14 in Axes
 10549 | D:10     | Noticed a two-headed ogre
 10557 | D:10     | Killed a two-headed ogre
 10864 | Orc:1    | Entered Level 1 of the Orcish Mines
 10870 | Orc:1    | Noticed Snorg
 11042 | D:9      | Killed Snorg
 11087 | Orc:1    | Noticed an orc sorcerer
 11096 | Orc:1    | Killed an orc sorcerer
 11194 | Orc:1    | Noticed an orc sorcerer
 11198 | Orc:1    | Killed an orc sorcerer
 11332 | Orc:1    | Noticed an orc knight
 11558 | Orc:1    | Killed an orc knight
 11561 | Orc:1    | Reached skill level 15 in Axes
 11561 | Orc:1    | Reached XP level 12. HP: 81/110 MP: 9/11
 11862 | Orc:1    | Noticed Erolcha
 11974 | Orc:1    | Killed Erolcha
 12139 | Orc:2    | Entered Level 2 of the Orcish Mines
 12152 | Orc:2    | Found a staircase to the Elven Halls.
 12195 | Orc:2    | Noticed an orc high priest
 12365 | Orc:2    | Killed an orc high priest
 12415 | Orc:2    | Found Mass's Antique Weapon Shop.
 12424 | Orc:2    | Bought a translucent war axe for 178 gold pieces
 12424 | Orc:2    | Identified the +8 war axe "Demon's Doom" {flame, +Blink
                  | rElec Int+4} (You bought it in a shop on level 2 of the
                  | Orcish Mines)
 12436 | Orc:2    | Noticed a two-headed ogre
 12439 | Orc:2    | Killed a two-headed ogre
 12602 | Orc:2    | Found Siytt's Antique Armour Boutique.
 12602 | Orc:2    | Noticed Donald
 12608 | Orc:2    | Found Pulaos's General Store.
 12608 | Orc:2    | Noticed an orc warlord
 12608 | Orc:2    | Noticed an orc high priest
 12627 | Orc:2    | Hit by a large rock thrown by a cyclops

Illustrated notes

Levels and vault maps discovered:
D:1:      lemuel_arrival_lava_pool, layout_loops_ring, dreamdust_wishing_well
D:2:      layout_loops_ring, st_stairs_5, kennysheep_generic_room_14,
          uniq_natasha
D:3:      layout_rooms, good_gods_temple_1, mainiacjoe_overflow_alcove_2,
          ebering_ecumenical_altar_ruins, uniq_sigmund, uniq_terence
D:4:      layout_basic, mainiacjoe_overflow_brackets, overflow_temple_1_default,
          nicolae_gozag_cash_rules_everything_around_me, serial_shops,
          nicolae_shop_crystal, kennysheep_cross_room
D:5:      minmay_diamond_boxcup, layout_cave_pools,
          mainiacjoe_overflow_concentric_impassable,
          mainiacjoe_overflow_tiny_flanked
D:6:      layout_gridville, mainiacjoe_overflow_paths,
          nicolae_sif_muna_condensation, serial_shops, shop,
          kennysheep_cross_bottleneck, uniq_grinder, uniq_prince_ribbit1
D:7:      layout_loops_corners, mainiacjoe_overflow_chevrons,
          kennysheep_mini_moat, mainiacjoe_overflow_catwalk,
          minmay_temple_entry_sparse_star, lemuel_flame_loot_1
D:8:      layout_gridville, nicolae_vehumet_radiance, lightli_church_of_beogh
D:9:      layout_big_octagon, lightli_temple_of_fire, hiddenorc2_lemuel,
          gammafunk_ghost_nasty_kobolds
D:10:     layout_roguey, jiyva_altar_1, uniq_lodul
Orc:1:    minmay_goldmine, layout_caves, mines2_david, uniq_erolcha, uniq_snorg
Orc:2:    grunt_orc_gardens, layout_diamond_mine, grunt_orc_garden,
          grunt_orc_garden, grunt_orc_garden, grunt_orc_garden, enter_volcano_1,
          guppyfry_library_mini, uniq_donald

Skill      XL: |  1  2  3  4  5  6  7  8  9 10 11 |
---------------+----------------------------------+-----
Axes           | 4 5 6 7 9 11 13 15 | 15.6
Stealth        | 1 2 3 4 5 |  5.0
Fighting       | 4 5 6 7 8 9 11 | 11.6
Throwing       | 1 |  1.1
Evocations     | 1 |  1.6
Ranged Weapons | 4 7 9 12 | 12.7
Armour         | |  2.9
Dodging        | |  2.1

Action                     |  1- 3 |  4- 6 |  7- 9 | 10-12 || total
---------------------------+-------+-------+-------+-------++-------
  Melee: Hand axe          |    30 |   120 |       |       ||   150
         Headbutt          |     4 |    16 |    28 |    56 ||   104
         Punch             |     1 |       |       |     2 ||     3
         Flail             |       |     7 |       |       ||     7
         War axe           |       |    39 |   196 |   213 ||   448
         Battleaxe         |       |       |       |    48 ||    48
   Fire: Shortbow          |       |       |    74 |    49 ||   123
         Arbalest          |       |       |       |    71 ||    71
  Throw: Boomerang         |       |    16 |    12 |    18 ||    46
         Dart              |       |       |       |     5 ||     5
         Javelin           |       |       |       |     1 ||     1
 Invoke: Berserk           |     1 |     3 |    11 |    11 ||    26
         Trog's Hand       |       |     1 |    10 |    18 ||    29
  Evoke: Wand              |       |       |     9 |    12 ||    21
    Use: Scroll            |       |     8 |     5 |    12 ||    25
         Potion            |       |       |     1 |     2 ||     3
   Stab: Sleeping          |     2 |     3 |       |       ||     5
         Distracted        |       |     1 |       |       ||     1
         Betrayed ally     |       |       |     1 |       ||     1
 Armour: Animal skin       |     8 |    14 |       |       ||    22
         Ring mail         |       |     4 |       |       ||     4
         Scale mail        |       |    19 |    16 |       ||    35
         Chain mail        |       |       |    38 |   164 ||   202
         Plate armour      |       |       |    45 |       ||    45
  Dodge: Dodged            |    22 |    69 |    87 |   145 ||   323
  Block: Kite shield       |       |    22 |    17 |       ||    39

Table legend: (Time is in decaauts)
 A = Elapsed time spent in this place.
 B = Non-inter-level travel time spent in this place.
 C = Inter-level travel time spent in this place.
 D = Time resting spent in this place.
 E = Time spent auto-exploring this place.
 F = Levels seen in this place.
 G = Mean time per level.
                   A        B        C        D        E       F      G
               +--------+--------+--------+--------+--------+-----+--------+
         Total |  12952 |  12253 |    699 |   3224 |   6373 |  12 | 1079.3 |
       Dungeon |  11361 |  10662 |    699 |   2725 |   5858 |  10 | 1136.1 |
  Orcish Mines |   1591 |   1591 |      0 |    499 |    515 |   2 |  795.5 |
               +--------+--------+--------+--------+--------+-----+--------+

Top non-repeatable levels by time:
     D:8: 1643 daAuts
     D:6: 1634 daAuts
     D:9: 1522 daAuts
   Orc:1: 1194 daAuts
     D:7: 1161 daAuts
     D:2: 1054 daAuts
     D:5: 946 daAuts
    D:10: 927 daAuts
     D:4: 891 daAuts
     D:1: 848 daAuts
     D:3: 731 daAuts
   Orc:2: 396 daAuts
